 Dungeon Crawl Stone Soup version 0.26-a0-154-g3d63440f56 (webtiles) character file.

Game seed: 1695380424963964306

34 Flugslaktarn the Chiller (level 3, 0/21 HPs)
             Began as an Octopode Ice Elementalist on June 30, 2020.
             Slain by an adder (4 damage)
             ... on level 2 of the Dungeon.
             The game lasted 00:02:20 (447 turns).

Flugslaktarn the Chiller (Octopode Ice Elementalist) Turns: 447, Time: 00:02:20

Health: 0/21       AC:  1    Str:  7    XL:     3   Next: 31%
Magic:  2/7        EV: 13    Int: 17    God:
Gold:   58         SH:  0    Dex: 13    Spells: 6/7 levels left

rFire    . . .     SeeInvis .   h - +0 whip
rCold    . . .     Faith    +   (no shield)
rNeg     . . .     Spirit   .   g - +0 hat
rPois    .         Reflect  .   c - amulet of faith
rElec    .         Harm     .   (no ring)
rCorr    .                      (no ring)
MR       .....                  (no ring)
Stlth    +++.......             (no ring)
HPRegen  0.07/turn              (no ring)
MPRegen  0.10/turn              (no ring)
                                (no ring)
                                (no ring)

@: very slightly contaminated
A: almost no armour, stealthy swim, amphibious, 8 rings, constrict 8, camouflage
1, gelatinous body 1
a: no special abilities


You were on level 2 of the Dungeon.
You were not hungry.

You visited 1 branch of the dungeon, and saw 2 of its levels.

You collected 58 gold pieces.

Inventory:

Hand Weapons
 a - a +0 hunting sling
   (You found it on level 2 of the Dungeon)
 h - a +0 whip (weapon)
   (You found it on level 2 of the Dungeon)
 k - a +0 dagger
   (You took it off a goblin on level 1 of the Dungeon)
Armour
 g - a +0 hat (worn)
   (You found it on level 2 of the Dungeon)
Jewellery
 c - an amulet of faith (around mantle)
   (You found it on level 2 of the Dungeon)
 j - an uncursed amulet of guardian spirit {unknown}
   (You found it on level 1 of the Dungeon)
Scrolls
 d - a scroll of teleportation
 e - a scroll of identify {unknown}
 l - a scroll of remove curse {unknown}
Potions
 f - a potion of heal wounds {unknown}
 i - a potion of lignification {unknown}
Comestibles
 b - 3 rations


   Skills:
 - Level 2.0 Dodging
 - Level 2.6 Stealth
 + Level 2.8 Spellcasting
 + Level 4.5 Ice Magic


You had 6 spell levels left.
You knew the following spells:

 Your Spells              Type           Power        Failure   Level  Hunger
a - Freeze                Ice            ###.         2%          1    #......

Your spell library contained the following spells:

 Spells                   Type           Power        Failure   Level  Hunger
 Frozen Ramparts          Ice            ###...       9%          3    ###....
 Ozocubu's Armour         Chrm/Ice       ##......     22%         3    ###....
 Hailstorm                Conj/Ice       ##......     56%         4    #####..
 Summon Ice Beast         Ice/Summ       ##......     56%         4    #####..


Dungeon Overview and Level Annotations

Branches:
Dungeon (2/15)

Altars:


Innate Abilities, Weirdness & Mutations

You cannot wear most types of armour.
You are very stealthy in the water. (Stealth+)
You are amphibious.
You can wear up to eight rings at the same time.
You can use your tentacles to constrict eight enemies at once.
Your skin changes colour to match your surroundings (Stealth+).
Your rubbery body absorbs attacks. (AC +1, EV +1)


Message History

You feel sick.
Found a scale mail.
There is an open door here.
This spell is quite dangerous to cast!
Memorise Frozen Ramparts, consuming 3 spell levels and leaving 3?
You feel sick.
You start memorising the spell.
You continue memorising.
The adder hisses angrily.
You continue memorising. x2
The adder bites you.
Your memorisation is interrupted.
* * * LOW HITPOINT WARNING * * *
Unknown command.
Casting: Freeze (safe; 2% risk of failure)
Confirm with . or Enter, or press ? or * to list all spells.
Aiming: Freeze (safe; 2% risk of failure)
Press: ? - help, Shift-Dir - straight line, f - adder
Aim: an adder You freeze the adder.
The adder is lightly wounded.
The adder seems to slow down.
You feel sick.
You are no longer poisoned.
The adder bites you but does no damage.
Unknown command.
Casting: Freeze (safe; 2% risk of failure)
Confirm with . or Enter, or press ? or * to list all spells.
Aiming: Freeze (safe; 2% risk of failure)
Press: ? - help, Shift-Dir - straight line, f/p - adder
Aim: an adder (lightly wounded, slow)
You freeze the adder.
The adder is heavily wounded.
The adder closely misses you.
Unknown command.
Casting: Freeze (safe; 2% risk of failure)
Confirm with . or Enter, or press ? or * to list all spells.
Aiming: Freeze (safe; 2% risk of failure)
Press: ? - help, Shift-Dir - straight line, f/p - adder
Aim: an adder (heavily wounded, slow)
You freeze the adder.
The adder is severely wounded.
The adder is no longer moving slowly.
The adder barely misses you.
Unknown command.
Casting: Freeze (safe; 2% risk of failure)
Confirm with . or Enter, or press ? or * to list all spells.
Aiming: Freeze (safe; 2% risk of failure)
Press: ? - help, Shift-Dir - straight line, f/p - adder
Aim: an adder (severely wounded)
You freeze the adder.
The adder is almost dead.
The adder bites you.
You die...

#+## ##...## # ##
##.....## ###.#.#
##.......##
.......####.........#
#[..S@..'.........+
##...####.........#
##.# ##......># ##
##.....## ##...##
##'## #.# #.#
#######.##


You could see an adder.

Vanquished Creatures
  2 adders (D:2)
  A dart slug (D:2)
  2 leopard geckos (D:1)
  A bat (D:2)
  3 goblins (D:1)
  3 hobgoblins (D:1)
12 creatures vanquished.

Notes
Turn   | Place    | Note
-------+----------+-------------------------------------------
     0 | D:1      | Flugslaktarn the Octopode Ice Elementalist began the quest
                  | for the Orb.
     0 | D:1      | Reached XP level 1. HP: 11/11 MP: 3/3
   144 | D:2      | Reached XP level 2. HP: 15/17 MP: 1/5
   338 | D:1      | Reached XP level 3. HP: 6/21 MP: 0/7
   447 | D:2      | Slain by an adder

Illustrated notes

Levels and vault maps discovered:
D:1:      mainiacjoe_arrival_reflecting_pool, layout_basic, st_stairs_3
D:2:      minmay_thinvault, layout_loops_corners,
          amethyst_overflow_temple_binary, minitemple, uniq_natasha

Action                   || total
-------------------------++-------
Melee: Unarmed           ||     6
       Tentacles         ||     2
       Whip              ||     3
       Constrict         ||     3
 Cast: Freeze            ||    22
  Use: Scroll            ||     1
Armor: Skin              ||     2
Dodge: Dodged            ||    20

Table legend:
 A = Non-vault XP
 B = Vault XP
 C = Vault XP percentage of total XP
 D = Non-vault monster count
 E = Vault monster count
 F = Vault count percentage of total count
                 A         B        C        D         E       F
            +---------+---------+-------+---------+---------+-------
      Total |      43 |       6 |  12.2 |       9 |       3 |  25.0
            +---------+---------+-------+---------+---------+-------
        D:1 |      11 |       6 |  35.3 |       5 |       3 |  37.5
        D:2 |      32 |       0 |   0.0 |       4 |       0 |   0.0
            +---------+---------+-------+---------+---------+-------
